 Dungeon Crawl Stone Soup version 0.32-a0-673-g3729bd50f8 (webtiles) character file.

Game seed: 9022374218250918523

66 growler the Ruffian (level 3, -2/26 HPs)
             Began as a Demonspawn Shapeshifter on Mar 10, 2024.
             Slain by a jackal (3 damage)
             ... on level 2 of the Dungeon.
             The game lasted 00:02:32 (1994 turns).

growler the Ruffian (Demonspawn Shapeshifter)       Turns: 1994, Time: 00:02:33

Health: -2/26      AC:  2    Str: 16    XL:     3   Next: 96%
Magic:  3/3        EV: 12    Int: 10    God:
Gold:   118        SH:  4    Dex: 12    Spells: 2/2 levels left

rFire   . .          .
                       - Unarmed
rCold   . . .        (no shield)
rNeg    . . .        a - +0 animal skin
rPois   .            (helmet currently unavailable)
rElec   .            (cloak currently unavailable)
rCorr   .            (gloves currently unavailable)
SInv    .            (boots currently unavailable)
Will    .....        (no amulet)
Stlth   +            (no ring)
HPRegen 0.24/turn    (no ring)
MPRegen 0.08/turn

%: no passive effects
@: beast-form, weak-willed
A: beast (slay +1), condensation shield
a: Begin Untransformation


You were on level 2 of the Dungeon.
You were a hulking beast.
You visited 1 branch of the dungeon, and saw 3 of its levels.

You collected 118 gold pieces.

Inventory:

Armour
 a - a +0 animal skin (worn)
Jewellery
 l - a +6 ring of intelligence
Talismans
 c - a beast talisman (active)
 d - a flux talisman
Scrolls
 f - a scroll of brand weapon {unknown}
 g - a scroll of vulnerability
 h - a scroll of enchant armour {unknown}
 i - a scroll of butterflies {unknown}
 j - a scroll of enchant weapon {unknown}
 p - a scroll of immolation {unknown}
 q - a scroll of amnesia {unknown}
Potions
 b - a potion of lignification
 e - 3 potions of curing {unknown}
 k - a potion of attraction {unknown}
 m - a potion of heal wounds {unknown}
 n - a potion of berserk rage {unknown}
 o - a potion of mutation {unknown}


   Skills:
 - Level 1.0 Fighting
 - Level 1.7 Dodging
 + Level 4.4 Unarmed Combat
 - Level 2.6 Shapeshifting


You had 2 spell levels left.
You didn't know any spells.
Your spell library contained the following spells:

 Spells                   Type           Power      Damage    Failure   Level
 Lesser Beckoning         Tloc           0%         N/A       50%         2
 Gell's Gravitas          Tloc           0%         N/A       75%         3
 Teleport Other           Tloc           0%         N/A       75%         3


Dungeon Overview and Level Annotations

Branches:
Dungeon (3/15)

Altars:


Innate Abilities, Weirdness & Mutations

You are a hulking beast.
Your limbs bulge with bestial killing power. (Slay +1)
A meltable shield of frost defends you. (SH +4)


Message History

The orc is severely wounded.
You hear a shout!
The jackal closely misses you.
An orc comes into view. It is wielding a +0 dagger.
The goblin barely misses you.
You hit the orc.
The orc is almost dead.
The jackal bites you but does no damage.
The orc closely misses you. The goblin closely misses you. The orc misses you.
The jackal closely misses you.
You hit the orc.
You kill the orc!
The jackal closely misses you. The goblin closely misses you.
The orc hits you with a +0 morningstar.
You hit the orc.
The orc is almost dead.
The jackal bites you.
An orc comes into view.
It is wielding a +1 morningstar of protection.
The orc hits you with a +0 morningstar!
Ouch! That really hurt!
* * * LOW HITPOINT WARNING * * *
The goblin hits you but does no damage. The jackal attacks as it pursues you!
The jackal closely misses you. You block the goblin's attack.
The jackal closely misses you.
There is a stone staircase leading up here.
The jackal misses you. The goblin hits you with a +0 dagger.
* * * LOW HITPOINT WARNING * * *
The orc closely misses you.
The jackal bites you but does no damage.
You climb upwards.
There is a stone staircase leading down here.
You hit the orc.
You kill the orc!
The jackal misses you.
You hit the jackal.
The jackal is severely wounded.
The jackal bites you.
* * * LOW HITPOINT WARNING * * *
The jackal bites you.
You die...

.'.........'.......#
##.........####...##
##.......## ##.#.##
##...).## #.###.#
##...## ##.#.##
##'## #..## #.######
#.## ######......#
#)# .......####.#
#h#
#####...###.####h#
#............g#
##.......######
###.###### ####...#
#......# #.####.#
#..#.#.###


You could see a jackal and a goblin (weak-willed).

Vanquished Creatures
  2 adders (D:2)
  A dart slug (D:3)
  A ribbon worm (D:2)
  2 orcs
  4 endoplasms (D:1)
  2 giant cockroaches (D:1)
  3 goblins
  2 hobgoblins
  5 jackals
  2 quokkas (D:1)
  2 ball pythons (D:1)
  6 bats (D:1)
  2 frilled lizards
  4 kobolds (D:1)
  3 rats (D:1)
41 creatures vanquished.

Notes
Turn   | Place    | Note
-------+----------+-------------------------------------------
     0 | D:1      | growler the Demonspawn Shapeshifter began the quest for the
                  | Orb.
     0 | D:1      | Reached XP level 1. HP: 15/15 MP: 1/1
    77 | D:1      | Reached skill level 3 in Unarmed Combat
   316 | D:1      | Gained mutation: A meltable shield of frost defends you.
                  | (SH +4) [demonic ancestry]
   316 | D:1      | Reached XP level 2. HP: 19/21 MP: 2/2
   982 | D:2      | Reached XP level 3. HP: 19/26 MP: 3/3
  1203 | D:2      | Reached skill level 4 in Unarmed Combat
  1994 | D:2      | HP: 1/26 [jackal (3)]
  1994 | D:2      | Slain by a jackal

Illustrated notes

Levels and vault maps discovered:
D:1:      dpeg_arrival_orchard, layout_basic, minmay_tripent
D:2:      layout_loops_corners, dreamdust_princess_bridge, minmay_misc_feat_tiny
D:3:      layout_rooms, mainiacjoe_overflow_tiny_flanked, xom_redecorated

Skill      XL: |  1  2  3 |
---------------+----------+-----
Unarmed Combat | 3 4 |  4.4
Fighting       | |  1.0
Dodging        | |  1.7
Shapeshifting  | |  2.6

Action                     || total
---------------------------++-------
  Melee: Unarmed           ||   129
         Punch             ||     4
    Use: Scroll            ||     1
   Stab: Sleeping          ||     4
 Armour: Animal skin       ||    68
  Dodge: Dodged            ||    85
  Block: Other             ||     9

Table legend: (Time is in decaauts)
 A = Elapsed time spent in this place.
 B = Non-inter-level travel time spent in this place.
 C = Inter-level travel time spent in this place.
 D = Time resting spent in this place.
 E = Time spent auto-exploring this place.
 F = Levels seen in this place.
 G = Mean time per level.
                   A        B        C        D        E       F      G
               +--------+--------+--------+--------+--------+-----+--------+
         Total |   1984 |   1932 |     52 |      0 |   1677 |   3 |  661.3 |
       Dungeon |   1984 |   1932 |     52 |      0 |   1677 |   3 |  661.3 |
               +--------+--------+--------+--------+--------+-----+--------+

Top non-repeatable levels by time:
     D:2: 1007 daAuts
     D:1: 961 daAuts
     D:3: 16 daAuts
